[Event "CRO Team Cup 2018"]
[Site "Mali Losinj"]
[Date "2018.05.16"]
[Round "1.7"]
[White "Petrov, Jole"]
[Black "Huis, Dinko"]
[Result "1-0"]
[ECO "A17"]
[WhiteElo "2408"]
[BlackElo "2158"]
[Annotator "ChessBase"]
[PlyCount "63"]
[EventDate "2018.??.??"]
[EventType "team-tourn"]
[EventCountry "CRO"]
[SourceTitle "playchess.com"]
[Source "ChessBase"]
[SourceQuality "1"]
[TimeControl "40/5400+30:1800+30"]

1. Nf3 Nf6 2. c4 e6 3. g3 b6 4. Bg2 Bb7 5. Nc3 Bb4 6. d3 Bxc3+ 7. bxc3 O-O 8. e4 d6 9. O-O Nbd7 10. Nh4 Rb8 11. f4 Nc5 12. f5 e5 13. Be3 Bc6 14. h3 b5 15. cxb5 Bxb5 16. c4 Bc6 17. Rf2 Rb6 18. Bf1 Ba4 19. Qc1 Nfd7 20. f6 Nxf6 21. Bg5 Bd7 22. Bxf6 gxf6 23. Qh6 Kh8 24. Rxf6 Rb8 25. Be2 Be6 26. Raf1 Nd7 27. Rxe6 fxe6 28. Ng6+ Kg8 29. Nxf8 Nxf8 30. Bh5 c6 31. Rf7 Qb6+ 32. Kg2 1-0

[Event "CRO Team Cup 2018"]
[Site "Mali Losinj"]
[Date "2018.05.16"]
[Round "1.8"]
[White "Bojanic, Borislav"]
[Black "Zelenika, Srdjan"]
[Result "0-1"]
[ECO "E92"]
[WhiteElo "1914"]
[BlackElo "2218"]
[Annotator "NA"]
[PlyCount "108"]
[EventDate "2018.??.??"]
[EventType "team-tourn"]
[EventCountry "CRO"]
[SourceTitle "playchess.com"]
[Source "ChessBase"]
[SourceQuality "1"]
[TimeControl "40/5400+30:1800+30"]

1. d4 Nf6 2. c4 g6 3. Nc3 Bg7 4. e4 d6 5. Nf3 O-O 6. Be2 e5 7. dxe5 dxe5 8. Qxd8 Rxd8 9. Bg5 Nbd7 10. O-O-O Rf8 11. Rd2 {[%emt 0:11:30] E92: King's Indian: Classical: 6 Be2 e5: 7 dxe5, 7 Be3 and Petrosian System without 7...Nbd7} (11. Nd5 c6 12. Ne7+ Kh8 13. Be3 Re8 14. Nxc8 Raxc8 15. g4 Nf8 16. Nd2 Ne6 17. g5 Nd7 18. Bg4 Bf8 19. Nb3 Nb6 20. Bxe6 Rxe6 21. Nc5 Re7 22. b3 h6 {1-0 (35) Jakovenko,D (2724)-Paragua,M (2565) Tromsoe 2013}) 11... c6 12. Rhd1 Nc5 13. Rd8 $146 ({Predecessor:} 13. Bd3 Bg4 14. Bc2 Ne6 15. Be3 Nh5 16. h3 Bxf3 17. gxf3 Nd4 18. Bxd4 exd4 {0-1 (37) Golyshkina,M (1706)-Sobina,P (1977) Voronezh 2014}) 13... Ne6 14. Rxf8+ Kxf8 15. Bh4 Nd7 16. Kb1 h6 17. h3 a5 18. a4 Ke8 19. Bg3 h5 20. Bh2 Ke7 21. Bf1 Nec5 22. Nd2 $15 Nf8 23. f4 exf4 24. Bxf4 Nfe6 25. Be3 Bxc3 26. bxc3 Nxa4 27. Kc2 Nac5 28. e5 a4 29. Nf3 Ra5 30. Bf2 Bd7 31. Bh4+ Ke8 32. Nd4 g5 33. Bg3 Ne4 34. Bh2 Nf4 35. Nf3 Bf5 36. Nd4 Nf2+ 37. Nxf5 Nxd1 38. Bxf4 gxf4 39. Nd6+ Ke7 40. Nxb7 Ne3+ 41. Kb1 Ra7 42. Nc5 Nxf1 43. Nd3 Nd2+ 44. Ka2 Nxc4 45. Nxf4 h4 46. e6 Rb7 47. exf7 Rb2+ 48. Ka1 Kxf7 49. Nd3 Rxg2 50. Nf4 Rh2 51. Kb1 a3 52. Ka1 Na5 53. Nd3 Nb3+ 54. Kb1 a2# 0-1

[Event "CRO Team Cup 2018"]
[Site "Mali Losinj"]
[Date "2018.05.16"]
[Round "1.11"]
[White "Ivankovic, Ivo"]
[Black "Djurovic, Goran"]
[Result "1-0"]
[ECO "A19"]
[WhiteElo "2102"]
[BlackElo "2394"]
[Annotator "ChessBase"]
[PlyCount "151"]
[EventDate "2018.??.??"]
[EventType "team-tourn"]
[EventCountry "CRO"]
[SourceTitle "playchess.com"]
[Source "ChessBase"]
[SourceQuality "1"]
[TimeControl "40/5400+30:1800+30"]

1. c4 Nf6 2. Nc3 e6 3. e4 c5 4. e5 Ng8 5. Nf3 Nc6 6. Bd3 d6 7. exd6 Nf6 8. Ne4 Nxe4 9. Bxe4 Qxd6 10. O-O Be7 11. b3 O-O 12. Bb2 Rd8 13. Qe2 f6 14. Rad1 e5 15. Bb1 Nb4 16. Ne1 Nc6 17. Qh5 g6 18. Bxg6 hxg6 19. Qxg6+ Kf8 20. f4 exf4 21. Qh6+ Ke8 22. Rxf4 Nd4 23. Bxd4 cxd4 24. Nd3 f5 25. Qh5+ Kd7 26. Rxf5 Kc7 27. Rd5 Qf6 28. Rxd8 Bxd8 29. Rf1 Qg5 30. Qe8 Bd7 31. Rf7 Qf5 32. Qe5+ Qxe5 33. Nxe5 Kd6 34. Nxd7 Bg5 35. d3 Re8 36. Nf6 Be3+ 37. Kf1 Rh8 38. Ng4 Bd2 39. Rxb7 Rf8+ 40. Ke2 Bc3 41. Rxa7 Re8+ 42. Kf3 Rf8+ 43. Ke4 Re8+ 44. Kf5 Re2 45. h4 Rxg2 46. h5 Rg3 47. Ra6+ Kc5 48. Ne5 Bd2 49. a3 Rg5+ 50. Ke4 Rxe5+ 51. Kxe5 Bf4+ 52. Ke4 Bd2 53. b4+ Bxb4 54. axb4+ Kxb4 55. Kxd4 Kb3 56. c5 Kc2 57. c6 Kd2 58. c7 Ke2 59. h6 Kf3 60. h7 Kf4 61. Kc5 Ke3 62. d4 Ke4 63. d5 Ke5 64. h8=R Ke4 65. d6 Ke5 66. d7 Ke4 67. d8=R Ke5 68. c8=R Ke4 69. Rhe8+ Kf5 70. Kb6 Kf4 71. Ka7 Kf5 72. Ka8 Kf4 73. Ra5 Kg4 74. Rc4+ Kf3 75. Ra3+ Kf2 76. Rc2+ 1-0

[Event "CRO Team Cup 2018"]
[Site "Mali Losinj"]
[Date "2018.05.16"]
[Round "1.12"]
[White "Bukal, Vladimir Jr"]
[Black "Bender, Zdenko"]
[Result "1-0"]
[ECO "A04"]
[WhiteElo "2388"]
[BlackElo "2047"]
[Annotator "NA"]
[PlyCount "80"]
[EventDate "2018.??.??"]
[EventType "team-tourn"]
[EventCountry "CRO"]
[SourceTitle "playchess.com"]
[Source "ChessBase"]
[SourceQuality "1"]
[TimeControl "40/5400+30:1800+30"]

1. Nf3 c6 2. g3 Na6 3. Bg2 g6 4. O-O Bg7 5. d4 Nf6 6. c4 d5 7. cxd5 Nxd5 8. e4 Ndc7 9. h3 O-O 10. Nc3 Be6 11. Re1 Qc8 12. Kh2 Rd8 13. Be3 b5 14. Rc1 Qb7 15. b3 Rac8 16. Qe2 Bd7 17. Red1 Be8 18. h4 Na8 19. e5 N6c7 (19... N8c7 $16) 20. Ne4 a5 21. Nc5 Qb8 22. Bh3 e6 23. h5 Nb6 24. hxg6 hxg6 25. Bg5 b4 26. Bxd8 Rxd8 27. Ng5 Nb5 28. Qg4 Bh6 29. Qh4 Bxg5 30. Qxg5 Rxd4 31. Nxe6 Rxd1 32. Rxd1 Nd5 {[%emt 0:00:30] [#]} 33. Rxd5 cxd5 34. Qf6 fxe6 35. Bxe6+ Kh7 36. Qe7+ Bf7 37. Qxf7+ Kh6 38. Qf4+ Kg7 39. Qf6+ Kh7 40. Bf7 Qd8 1-0

[Event "CRO Team Cup 2018"]
[Site "Mali Losinj"]
[Date "2018.05.16"]
[Round "1.16"]
[White "Blaga, Marijan"]
[Black "Bobanac, Miro"]
[Result "1/2-1/2"]
[ECO "B02"]
[WhiteElo "1993"]
[BlackElo "2276"]
[Annotator "NA"]
[PlyCount "172"]
[EventDate "2018.??.??"]
[EventType "team-tourn"]
[EventCountry "CRO"]
[SourceTitle "playchess.com"]
[Source "ChessBase"]
[SourceQuality "1"]
[TimeControl "40/5400+30:1800+30"]

1. e4 Nf6 2. Nc3 c6 {[%emt 0:03:30] B02: Alekhine's Defence: Chase Variation and lines with early Nc3} (2... e5 3. Bc4 Nc6 4. d3 Na5 5. Bb5 a6 6. Ba4 b5 7. Bb3 d6 8. f4 Be7 9. Nf3 exf4 10. Bxf4 O-O 11. O-O Nxb3 12. axb3 b4 {1-0 (36) Nepomniachtchi,I (2767)-Howell,D (2644) Doha 2016}) 3. d4 g6 4. e5 Nd5 5. Nxd5 cxd5 6. c3 d6 $146 ({Predecessor:} 6... Bg7 7. Be3 Nc6 8. Qd2 d6 9. exd6 Qxd6 10. Bf4 e5 11. dxe5 Bxe5 12. Bxe5 Qxe5+ {½-½ (50) Mikulas,D (2176)-Minich,P (2208) Slovakia 2002}) 7. f4 Bg7 8. Nf3 O-O 9. Bd3 Nc6 10. O-O Rb8 11. Qb3 e6 12. Qa3 Re8 13. Bd2 Bf8 14. Qb3 b5 15. Qc2 b4 16. cxb4 Qb6 17. Bc3 ({White should try} 17. b5 $14 Nxd4 18. Nxd4 Qxd4+ 19. Kh1) 17... Nxb4 18. Bxb4 Qxb4 19. Rab1 Bd7 20. Qd2 (20. h4 $11 {remains equal.}) 20... Qb6 ({Black should try} 20... Qxd2 $17 21. Nxd2 dxe5 22. fxe5 Bh6) 21. Rfc1 Bh6 22. Qe3 Rec8 23. Rd1 Ba4 24. b3 Be8 25. Rdc1 dxe5 26. Nxe5 f6 27. Ng4 Bg7 28. Re1 h5 29. Nf2 Bf7 30. Rbd1 Rc3 31. Qd2 Qxd4 32. Bxg6 Qxd2 33. Bxf7+ Kxf7 34. Rxd2 Bh6 35. Rd4 Rbc8 36. Kf1 Rc2 37. Ra4 R8c7 38. Re2 Rc1+ 39. Re1 Kg6 40. g3 Kf5 (40... Rxe1+ $15 41. Kxe1 Bf8) 41. h3 Bf8 42. g4+ hxg4 43. hxg4+ Kg6 44. Ra6 Bb4 45. Rxc1 Rxc1+ 46. Ke2 Rc2+ 47. Kf3 Rc3+ 48. Ke2 Rc2+ 49. Kf3 Bc5 50. Nd3 $1 Bb6 51. Ra4 Rd2 52. Nb4 e5 53. fxe5 fxe5 54. Nc6 e4+ 55. Kf4 Rf2+ 56. Ke5 e3 57. Ne7+ Kg5 58. Nxd5 Rg2 $2 (58... Rf8 $17 59. Nb4 Re8+ 60. Kd6 Rd8+ 61. Ke7 Rd4) 59. Re4 Rxa2 $16 ({Black should try} 59... e2 $14 60. Nc3 e1=R 61. Rxe1 Ba5 62. Ne4+ Kxg4) 60. Nxb6 axb6 61. Rxe3 Kxg4 62. Kd4 Kf5 63. Kc4 Rd2 64. Kb5 Rd6 65. b4 Rd4 66. Re8 Kf6 67. Rb8 Ke7 68. Rxb6 Kd7 69. Rh6 Kc7 70. Kc5 Rd7 71. Kb5 Kb7 72. Ka5 Rf7 73. Rb6+ Ka7 74. Rb5 Rf1 75. Re5 Rf7 76. Kb5 Kb7 77. Kc5 Rc7+ 78. Kb5 Rf7 79. Ka5 Ka7 80. b5 Kb7 81. Kb4 Rg7 82. Re6 Rg4+ 83. Ka5 Rg7 84. Re5 Rf7 85. Kb4 Rg7 86. Kc5 Rc7+ 1/2-1/2

[Event "CRO Team Cup 2018"]
[Site "Mali Losinj"]
[Date "2018.05.18"]
[Round "1.18"]
[White "Muha, Miljenko"]
[Black "Zelic, Branko"]
[Result "0-1"]
[ECO "D30"]
[WhiteElo "2384"]
[BlackElo "2242"]
[Annotator "NA"]
[PlyCount "80"]
[EventDate "2018.??.??"]
[EventType "team-tourn"]
[EventCountry "CRO"]
[SourceTitle "playchess.com"]
[Source "ChessBase"]
[SourceQuality "1"]
[TimeControl "40/5400+30:1800+30"]

1. c4 c6 2. d4 d5 3. e3 Nf6 4. Qc2 e6 5. Nf3 Ne4 {[%emt 0:01:30] D30: Queen's Gambit Declined: Systems without Nc3} 6. Bd3 f5 7. O-O Bd6 8. b3 (8. Ne5 O-O 9. f3 Nc5 10. Be2 Ncd7 11. f4 Nf6 12. Nd2 Nbd7 13. Rb1 Ne4 14. b4 Nxe5 15. fxe5 {1-0 (35) Harikrishna,P (2737)-Richter,M (2517) Berlin 2015}) 8... Qe7 9. Ne5 Nd7 10. Bb2 O-O 11. f3 Ng5 12. a4 $146 ({Predecessor:} 12. Nd2 Nxe5 13. dxe5 {0-1 (56) Stohl,I (2543)-Michalik,P (2439) Prievidza 2009}) 12... Rf6 13. Ba3 Rh6 14. Bxd6 Qxd6 15. f4 Ne4 16. Bxe4 fxe4 17. c5 Qe7 18. b4 Nxe5 19. fxe5 Bd7 20. Nc3 Qh4 21. h3 Qe7 22. b5 Rh5 23. bxc6 Bxc6 24. Nb5 Rf5 25. Nd6 Rxf1+ 26. Rxf1 Rf8 27. Rb1 (27. Rxf8+ $16 Qxf8 28. a5) 27... Qg5 28. Qd2 $14 h5 29. a5 Rf3 30. a6 bxa6 31. Rb8+ Kh7 32. Kh1 Rf1+ 33. Kh2 h4 34. g4 hxg3+ 35. Kg2 Rf2+ 36. Qxf2 gxf2+ 37. Kxf2 Qh4+ 38. Kg2 Qe1 39. Rc8 Ba4 40. c6 Bd1 0-1

[Event "CRO Team Cup 2018"]
[Site "Mali Losinj"]
[Date "2018.05.18"]
[Round "1.21"]
[White "Lalic, Bogdan"]
[Black "Rosic, Slavko S"]
[Result "1/2-1/2"]
[ECO "A19"]
[WhiteElo "2396"]
[BlackElo "2224"]
[Annotator "NA"]
[PlyCount "48"]
[EventDate "2018.??.??"]
[EventType "team-tourn"]
[EventCountry "CRO"]
[SourceTitle "playchess.com"]
[Source "ChessBase"]
[SourceQuality "1"]
[TimeControl "40/5400+30:1800+30"]

1. c4 Nf6 2. Nc3 e6 3. e4 c5 4. e5 Ng8 5. d4 cxd4 6. Qxd4 Nc6 7. Qe4 d6 8. Nf3 dxe5 9. Nxe5 Nxe5 {[%emt 0:02:30] A19: English Opening: Flohr-Mikenas System with 3...c5} (9... Bd7 10. Nxd7 Qxd7 11. Bf4 Nf6 12. Qe3 Bd6 13. O-O-O Bxf4 14. Qxf4 Qe7 15. Be2 O-O 16. Qd6 Qxd6 17. Rxd6 Rfd8 18. Rxd8+ Rxd8 {1-0 (49) Grandelius,N (2646)-Svane,R (2587) Batumi 2018}) 10. Qxe5 Qd6 11. Bf4 Qxe5+ 12. Bxe5 f6 13. Bg3 $146 ({Predecessor:} 13. Bd4 Bb4 14. a3 Bxc3+ 15. Bxc3 Bd7 16. Be2 Ne7 17. Bh5+ Ng6 18. Bb4 O-O-O 19. Bxg6 hxg6 20. O-O Ba4 21. Rfe1 e5 {½-½ (55) Peters,O (2145)-Duester,F (1791) Leverkusen 2004}) 13... Bd7 14. O-O-O Bc6 15. Nb5 Kf7 16. f3 Bc5 17. Bd3 e5 18. Rhe1 Ne7 19. f4 a6 20. Nc7 exf4 21. Bxf4 Rac8 22. Ne6 Bb4 $11 23. Bd2 Bd5 24. Nxg7 Bxc4 1/2-1/2

[Event "CRO Team Cup 2018"]
[Site "Mali Losinj"]
[Date "2018.05.18"]
[Round "1.22"]
[White "Ljikar, Zoran"]
[Black "Plenkovic, Zdenko"]
[Result "0-1"]
[ECO "D01"]
[WhiteElo "2193"]
[BlackElo "2403"]
[Annotator "NA"]
[PlyCount "40"]
[EventDate "2018.??.??"]
[EventType "team-tourn"]
[EventCountry "CRO"]
[SourceTitle "playchess.com"]
[Source "ChessBase"]
[SourceQuality "1"]
[TimeControl "40/5400+30:1800+30"]

1. d4 Nf6 2. Nc3 d5 3. Bg5 c6 4. f3 Nbd7 5. e4 dxe4 6. fxe4 e5 7. dxe5 Qa5 8. Nf3 Nxe4 {[%emt 0:05:30] D01: Veresov Opening} 9. Be3 $146 ({Predecessor:} 9. Bd2 $17 Nxd2 (9... Nxc3 10. Bxc3 Bb4 11. Qd2 Bxc3 12. Qxc3 Qxc3+ 13. bxc3 O-O 14. O-O-O Nc5 15. Bd3 Be6 16. a3 {½-½ (37) Guddat,J (2153)-Waldschmidt,G (2215) Germany 2010}) 10. Qxd2) 9... Nxc3 10. bxc3 Nxe5 11. Bd4 Nxf3+ 12. Qxf3 Be6 13. Qg3 $2 {[%emt 0:01:00] [#]} (13. Be2 $17 {might work better.}) 13... O-O-O $1 14. Kf2 $2 (14. Rd1 Bc5 15. Bxc5 Qxc5 16. Bd3) 14... Rxd4 15. cxd4 Qd2+ 16. Be2 Qxd4+ 17. Qe3 Bc5 $2 (17... Qf6+ 18. Bf3 b6) 18. Qxd4 Bxd4+ 19. Kg3 Bxa1 20. Rxa1 $19 Kc7 0-1